 Dungeon Crawl Stone Soup version 0.29.1-15-g9cfb28693d (webtiles) character file.

Game seed: 15437458995943791406

3918 kingofthe the Nimble (level 10, -1/50 HPs)
             Began as a Deep Elf Conjurer on Mar 4, 2023.
             Was a Follower of Sif Muna.
             Slain by a wyvern (12 damage)
             ... on level 8 of the Dungeon.
             The game lasted 00:28:01 (10063 turns).

kingofthe the Nimble (Deep Elf Conjurer)           Turns: 10063, Time: 00:28:02

Health: -1/50      AC:  8    Str:  4    XL:     10   Next: 1%
Magic:  0/24       EV: 19    Int: 26    God:    Sif Muna [*.....]
Gold:   3          SH:  0    Dex: 15    Spells: 13/25 levels left

rFire   . . .      SeeInvis .   a - staff of cold {!a}
rCold   + + .      Faith    .   (no shield)
rNeg    . . .      Spirit   +   o - +1 leather armour {rC+}
rPois   +          Reflect  .   (no helmet)
rElec   +          Harm     .   s - +0 cloak
rCorr   .          Rampage  .   (no gloves)
Will    +....                   t - +2 pair of boots
Stlth   +++.......              i - amulet of guardian spirit
HPRegen 0.16/turn               O - ring "Leixtif" {rElec rPois}
MPRegen 0.19/turn               E - +4 ring of evasion

@: no status effects
A: no striking features
a: Renounce Religion, Channel Magic


You were on level 8 of the Dungeon.
You worshipped Sif Muna.
Sif Muna was aware of your devotion.
You visited 3 branches of the dungeon, and saw 11 of its levels.

You collected 479 gold pieces.
You spent 476 gold pieces at shops.


   Skills:
 * Level 9.2 Dodging
 + Level 7.1 Stealth
 + Level 8.1 Spellcasting
 + Level 7.7 Conjurations
 + Level 6.4 Hexes
 * Level 5.1 Ice Magic
 * Level 3.0 Invocations


You had 13 spell levels left.
You knew the following spells:

 Your Spells              Type           Power      Damage    Failure   Level
a - Magic Dart            Conj           100%       1d8       1%          1
b - Searing Ray           Conj           100%       2d8       1%          2
c - Fulminant Prism       Conj/Hex       23%        3d13      5%          4
d - Freeze                Ice            100%       1d11      1%          1
e - Hailstorm             Conj/Ice       60%        3d13      7%          4

Your spell library contained the following spells:

 Spells                   Type           Power      Damage    Failure   Level
 Dazzling Flash           Conj/Hex       94%        N/A       1%          3
 Frozen Ramparts          Ice            100%       1d16      3%          3
 Iskenderun's Mystic Bla  Conj/Tloc      30%        2d8       21%         4
 Gell's Gravitas          Tloc           10%        N/A       30%         3
 Lesser Beckoning         Tloc           10%        N/A       30%         3
 Teleport Other           Tloc           10%        N/A       30%         3

Inventory:

Hand Weapons
 b - the +7 dagger of Faeryhe {freeze, rN+ Will- Str+4}
   (You found it on level 5 of the Dungeon)

   It freezes those it strikes, dealing additional cold damage.
   It can also slow down cold-blooded creatures.
   Str:       It affects your strength (+4).
   rN:        It protects you from negative energy.
   Will:      It decreases your willpower.
 w - a +3 falchion of freezing
 F - a +2 whip of electrocution
Armour
 e - a +0 robe
 o - a +1 leather armour of cold resistance (worn)
 s - a +0 cloak (worn)
 t - a +2 pair of boots (worn)
 J - a +0 robe of cold resistance
Magical Staves
 a - a staff of cold (weapon) {!a}
 I - a staff of poison {!a}
Jewellery
 i - an amulet of guardian spirit (around neck)
 C - a ring of protection from cold
 E - a +4 ring of evasion (right hand)
 O - the ring "Leixtif" (left hand) {rElec rPois}
   (You bought it in a shop on level 6 of the Dungeon)

   [ring of poison resistance]

   rElec:     It insulates you from electricity.
   rPois:     It protects you from poison.
 W - a ring of willpower
Wands
 H - a wand of light (19)
 M - a wand of iceblast (3)
Scrolls
 d - a scroll of poison {unknown}
 f - a scroll of blinking {unknown}
 h - 6 scrolls of teleportation {unknown}
 k - 2 scrolls of fear
 l - 2 scrolls of vulnerability {unknown}
 q - 5 scrolls of identify {unknown}
 v - a scroll of enchant armour
 y - a scroll of enchant weapon {unknown}
 A - 5 scrolls of immolation {unknown}
 B - a scroll of brand weapon {unknown}
 L - a scroll of amnesia {unknown}
Potions
 c - 2 potions of ambrosia {unknown}
 g - a potion of curing {unknown}
 j - 3 potions of brilliance {unknown}
 m - a potion of attraction {unknown}
 n - a potion of resistance {unknown}
 p - 2 potions of lignification {unknown}
 r - a potion of haste {unknown}
 u - 3 potions of mutation {unknown}
 x - a potion of degeneration {unknown}
 z - 2 potions of flight {unknown}
 D - a potion of magic
 G - a potion of heal wounds {@q2}
 K - a potion of might {unknown}
 N - a potion of invisibility {unknown}

Dungeon Overview and Level Annotations

Branches:
Dungeon (9/15)             Temple (1/1) D:4            Lair (1/5) D:8
    Orc: D:9-12

Altars:
Ashenzari
Cheibriados
Dithmenos
Elyvilon
Fedhas
Gozag
Hepliaklqana
Kikubaaqudgha
Makhleb
Nemelex Xobeh
Okawaru
Qazlal
Ru
Sif Muna
Trog
Uskayaw
Vehumet
Wu Jian
Xom
Yredelemnul
Zin
The Shining One

Shops:
D:6 *

Annotations:
D:8 3 runed translucent doors, mongooserunner's ghost, novice MiFi

#....▒8......▒▒.##.▒▒▒...▒....#
###...▒▒.......▒▒....▒▒▒▒▒▒▒.##..
...>.[..........▒..▒▒▒▒..8▒......
####...▒▒......▒..▒▒.▒▒...▒▒.....
..#####.....O.............▒......
..######.▒▒▒▒.........▒...(▒.....
........#.▒▒▒▒▒.......▒...▒▒.....
▒▒▒▒▒▒..##.▒ ▒▒l....▒▒...▒......
W..♣.▒..##.▒▒ ▒@..▒.▒▒...▒▒.....
...?.▒..##..▒▒▒▒....▒▒▒....▒.#.##
.(./.▒..##.▒▒▒........▒...▒▒.#.##
....♣▒..##.▒▒▒........▒..8▒▒.#...
..(..▒###.▒▒▒........8.▒+▒▒▒.###.
(...(▒ #.▒▒▒▒........▒▒...▒▒▒...▒
.....▒ #..▒▒8........▒....8▒▒..▒.
▒▒▒▒▒▒##.▒▒▒▒....▒▒▒.8......▒.▒▒▒
..........▒▒.▒▒...▒▒.........8▒▒.


You could see a wyvern.


Message History

You assume a fearsome visage.
The wyvern looks frightened!
The two-headed ogre looks frightened!
It was a scroll of fear.
You see here a +0 robe.
Cornered, the wyvern turns to fight!
Casting: Searing Ray (safe; 1% risk of failure)
Confirm with . or Enter, or press ? or * to list all spells.
Aiming: Searing Ray (safe; 1% risk of failure)
Press: ? - help, Shift-Dir - straight line, f - wyvern
Aim: a wyvern (83% to hit)
The searing ray hits the wyvern.
The wyvern is lightly wounded. (Press . to maintain the ray.)
The wyvern closely misses you.
The searing ray hits the wyvern.
The wyvern is moderately wounded.
The wyvern misses you. x2
The searing ray hits the wyvern.
The wyvern is moderately wounded.
The wyvern bites you.
* * * LOW HITPOINT WARNING * * *
The searing ray hits the wyvern!
The wyvern is severely wounded.
You finish channelling your searing ray.
The wyvern bites you!
* * * LOW HITPOINT WARNING * * *
The wyvern misses you. The wyvern completely misses you.
The wyvern attacks as you move away! The wyvern misses you.
The wyvern bites you!
You die...

Skill      XL: |  1  2  3  4  5  6  7  8  9 |
---------------+----------------------------+-----
Dodging        | 3 4 5 6 7 9 |  9.2
Stealth        | 3 4 5 6 7 |  7.1
Spellcasting   | 4 5 6 7 8 |  8.1
Conjurations   | 5 6 7 |  7.7
Hexes          | 1 4 5 6 |  6.4
Ice Magic      | 2 5 |  5.1
Invocations    | 3 |  3.0

Action                   |  1- 3 |  4- 6 |  7- 9 | 10-12 || total
-------------------------+-------+-------+-------+-------++-------
Melee: Whip              |     2 |       |       |       ||     2
       Dagger            |       |       |     3 |       ||     3
 Cast: Magic Dart        |    71 |   103 |   119 |       ||   293
       Searing Ray       |     2 |     7 |    46 |     6 ||    61
       Fulminant Prism   |       |       |    19 |       ||    19
       Freeze            |       |       |    11 |     4 ||    15
  Use: Scroll            |       |       |       |     2 ||     2
Armor: Robe              |     1 |       |       |       ||     1
       Leather armour    |       |     3 |    12 |       ||    15
Dodge: Dodged            |     8 |     7 |    72 |    19 ||   106

Levels and vault maps discovered:
D:1:      dpeg_arrival_pond, layout_loops_ring, minmay_indecisive_spiral
D:2:      layout_basic, ebering_ecumenical_altar_abandoned,
          minmay_fractal_squares_5
D:3:      kennysheep_slugbush, layout_rooms, nicolae_elevator_lobby_plus
D:4:      layout_rooms, minmay_temple_entry_proselytizer
D:5:      layout_gridville, mainiacjoe_overflow_paths
D:6:      layout_basic, nicolae_alphabet_shops, hangedman_abyss_or_decor_slice,
          minmay_stone_trees_small
D:7:      layout_layer_cave, uniq_duvessa, uniq_pikel
D:8:      hellmonk_crumbling_castle, layout_basic, lair_entry_dummy,
          ebering_ghost_rock_garden
D:9:      layout_rooms, serial_demonic, serial_demonic_a, serial_demonic_f,
          serial_demonic_f, serial_demonic_a, grunt_ministairs_10
Temple:   compressed_dpeg_triangle_lava_temple
Lair:1:   layout_regular_city, gauntlet_entry_generic,
          grunt_forest_small_clearings, columned_hall_lemuel,
          guppyfry_lair_drakes, infiniplex_staircase_pool, lemuel_fruit_fields

Notes
Turn   | Place    | Note
-------+----------+-------------------------------------------
     0 | D:1      | kingofthe the Deep Elf Conjurer began the quest for the
                  | Orb.
     0 | D:1      | Reached XP level 1. HP: 10/10 MP: 6/6
   322 | D:1      | Reached XP level 2. HP: 15/15 MP: 4/8
   436 | D:1      | Learned a level 2 spell: Searing Ray
   968 | D:2      | Reached skill level 3 in Dodging
  1035 | D:2      | Reached XP level 3. HP: 19/19 MP: 7/10
  1091 | D:2      | Found a faded altar of an unknown god.
  1969 | D:3      | Noticed a wight
  1990 | D:3      | Killed a wight
  1991 | D:3      | Reached skill level 3 in Stealth
  1991 | D:3      | Reached skill level 4 in Spellcasting
  1991 | D:3      | Reached skill level 5 in Conjurations
  1991 | D:3      | Reached XP level 4. HP: 7/24 MP: 0/12
  2456 | D:3      | Reached skill level 4 in Dodging
  2456 | D:3      | Reached XP level 5. HP: 28/28 MP: 1/14
  2652 | D:3      | Reached skill level 5 in Spellcasting
  2756 | D:3      | Reached XP level 6. HP: 30/32 MP: 9/15
  3382 | D:4      | Reached skill level 4 in Stealth
  3528 | D:4      | Learned a level 4 spell: Fulminant Prism
  3547 | D:4      | Reached skill level 5 in Dodging
  3547 | D:4      | Reached skill level 6 in Conjurations
  3547 | D:4      | Reached skill level 1 in Hexes
  3682 | D:4      | Found a staircase to the Ecumenical Temple.
  3696 | Temple   | Entered the Ecumenical Temple
  3909 | Temple   | Became a worshipper of Sif Muna the Loreminder
  4094 | D:4      | Reached XP level 7. HP: 36/36 MP: 10/17
  4184 | D:5      | Entered Level 5 of the Dungeon
  4271 | D:5      | Reached skill level 2 in Hexes
  4355 | D:5      | Reached skill level 6 in Spellcasting
  4477 | D:5      | Found a snail-covered altar of Cheibriados.
  4489 | D:5      | Identified the +7 dagger of Faeryhe {freeze, rN+ Will-
                  | Str+4}
  4524 | D:5      | Reached skill level 3 in Hexes
  4525 | D:5      | Reached skill level 6 in Dodging
  4984 | D:5      | Reached skill level 5 in Stealth
  5032 | D:5      | Reached skill level 4 in Hexes
  5032 | D:5      | Reached XP level 8. HP: 41/41 MP: 11/19
  5483 | D:6      | Reached * piety under Sif Muna
  5544 | D:6      | Learned a level 1 spell: Freeze
  5549 | D:6      | Learned a level 4 spell: Hailstorm
  5559 | D:6      | Reached skill level 7 in Dodging
  5559 | D:6      | Reached skill level 5 in Hexes
  5671 | D:6      | Found Pafiwes's Practical Paraphernalia.
  5890 | D:6      | Reached skill level 1 in Ice Magic
  6270 | D:7      | Reached skill level 7 in Spellcasting
  6401 | D:7      | Reached skill level 7 in Conjurations
  6401 | D:7      | Reached skill level 2 in Ice Magic
  6454 | D:7      | Reached skill level 6 in Stealth
  6483 | D:7      | Noticed Dowan
  6776 | D:7      | Reached XP level 9. HP: 36/45 MP: 12/22
  7044 | D:7      | Noticed Duvessa
  7062 | D:7      | Killed Duvessa
  7063 | D:7      | Reached skill level 8 in Dodging
  7076 | D:7      | Killed Dowan
  7265 | D:7      | Noticed Pikel
  7303 | D:7      | Reached skill level 3 in Ice Magic
  7459 | D:7      | Killed Pikel
  8219 | D:8      | Reached skill level 4 in Ice Magic
  8278 | D:8      | Reached skill level 6 in Hexes
  8278 | D:8      | Reached skill level 1 in Invocations
  8572 | D:8      | Reached skill level 2 in Invocations
  8725 | D:8      | Found a staircase to the Lair.
  8959 | D:8      | Reached skill level 9 in Dodging
  8959 | D:8      | Reached skill level 7 in Stealth
  8959 | D:8      | Reached skill level 8 in Spellcasting
  9015 | D:8      | Found a runed translucent gate.
  9015 | D:8      | Found a runed translucent gate.
  9015 | D:8      | Found a runed translucent gate.
  9016 | D:8      | Noticed mongooserunner's ghost (novice MiFi)
  9510 | D:9      | Noticed a two-headed ogre
  9619 | D:6      | Bought the ring "Leixtif" {rElec rPois} for 476 gold pieces
  9732 | D:9      | Noticed a sun demon
  9816 | Lair:1   | Entered Level 1 of the Lair of Beasts
  9861 | Lair:1   | Noticed a komodo dragon
  9871 | Lair:1   | Killed a komodo dragon
  9871 | Lair:1   | Noticed a cane toad
  9872 | Lair:1   | Reached skill level 5 in Ice Magic
  9872 | Lair:1   | Reached skill level 3 in Invocations
  9872 | Lair:1   | Reached XP level 10. HP: 50/50 MP: 11/24
 10036 | D:9      | Noticed a two-headed ogre
 10063 | D:8      | Slain by a wyvern

Vanquished Creatures
  Pikel (D:7)
  A komodo dragon (Lair:1)
  A wraith (D:9)
  4 yaks (D:8)
  2 water moccasins
  Duvessa (D:7)
  An ice beast (D:5)
  3 black bears
  A sky beast (D:7)
  2 ogres
  2 centaurs
  3 lemures (D:7)
  A kobold brigand (D:8)
  2 bullfrogs
  5 scorpions
  4 wights (D:3)
  Dowan (D:7)
  A quasit (D:8)
  2 hounds
  3 orc priests
  A jelly (D:6)
  5 iguanas
  5 orc wizards
  6 adders
  A shadow imp (D:8)
  3 white imps (D:7)
  A worm (D:2)
  10 dart slugs
  27 orcs
  6 endoplasms
  2 giant cockroaches (D:3)
  8 goblins
  5 hobgoblins
  8 jackals
  7 kobolds
  3 quokkas
  6 ball pythons
  3 bats (D:1)
  A frilled lizard (D:1)
  5 rats
154 creatures vanquished.

Vanquished Creatures (others)
  19 fulminant prisms
  A plant (Lair:1)
20 creatures vanquished.

Grand Total: 174 creatures vanquished

Table legend: (Time is in decaauts)
 A = Elapsed time spent in this place.
 B = Non-inter-level travel time spent in this place.
 C = Inter-level travel time spent in this place.
 D = Time resting spent in this place.
 E = Time spent auto-exploring this place.
 F = Levels seen in this place.
 G = Mean time per level.
                   A        B        C        D        E       F      G
               +--------+--------+--------+--------+--------+-----+--------+
         Total |  10081 |   9667 |    414 |   1334 |   7135 |  11 |  916.5 |
       Dungeon |   9782 |   9408 |    374 |   1334 |   6929 |   9 | 1086.9 |
        Temple |    228 |    188 |     40 |      0 |    166 |   1 |  228.0 |
          Lair |     70 |     70 |      0 |      0 |     40 |   1 |   70.0 |
               +--------+--------+--------+--------+--------+-----+--------+

Top non-repeatable levels by time:
     D:7: 1912 daAuts
     D:8: 1751 daAuts
     D:3: 1326 daAuts
     D:6: 1117 daAuts
     D:2: 982 daAuts
     D:5: 980 daAuts
     D:1: 964 daAuts
     D:4: 697 daAuts
  Temple: 228 daAuts
  Lair:1: 70 daAuts
     D:9: 50 daAuts

Table legend:
 A = Non-vault XP
 B = Vault XP
 C = Vault XP percentage of total XP
 D = Non-vault monster count
 E = Vault monster count
 F = Vault count percentage of total count
                 A         B        C        D         E       F
            +---------+---------+-------+---------+---------+-------
      Total |    4629 |     969 |  17.3 |     129 |      22 |  14.6
            +---------+---------+-------+---------+---------+-------
        D:1 |      22 |       6 |  21.4 |      13 |       4 |  23.5
        D:2 |      45 |      10 |  18.2 |      18 |       4 |  18.2
        D:3 |     348 |      36 |   9.4 |      16 |       9 |  36.0
        D:4 |     249 |      44 |  15.0 |      11 |       1 |   8.3
        D:5 |     713 |       0 |   0.0 |      19 |       0 |   0.0
        D:6 |     736 |       0 |   0.0 |      20 |       0 |   0.0
        D:7 |     744 |     825 |  52.6 |      14 |       3 |  17.6
        D:8 |    1101 |      48 |   4.2 |      15 |       1 |   6.2
        D:9 |     214 |       0 |   0.0 |       1 |       0 |   0.0
     Lair:1 |     457 |       0 |   0.0 |       2 |       0 |   0.0
            +---------+---------+-------+---------+---------+-------
